 Dungeon Crawl Stone Soup version 0.29.1-15-g9cfb28693d (webtiles) character file.

Game seed: 10960695962093889949

471 Herex the Cudgeller (level 7, 0/43 HPs)
             Began as a Gargoyle Berserker on Apr 28, 2023.
             Was a Believer of Trog.
             Slain by a scorpion (4 damage)
             ... on level 5 of the Dungeon.
             The game lasted 00:05:36 (6164 turns).

Herex the Cudgeller (Gargoyle Berserker)            Turns: 6164, Time: 00:05:36

Health: 0/43       AC:  8    Str: 23    XL:     7   Next: 9%
Magic:  7/7        EV: 12    Int:  7    God:    Trog [**....]
Gold:   102        SH:  0    Dex:  9    Spells: 6/6 levels left

rFire   . . .      SeeInvis .   n - +1 whip
rCold   . . .      Faith    .   (no shield)
rNeg    + . .      Spirit   .   b - +0 animal skin
rPois   ∞          Reflect  .   d - +0 helmet
rElec   +          Harm     .   (no cloak)
rCorr   .          Rampage  .   (no gloves)
Will    ++...                   (no boots)
Stlth   +.........              (no amulet)
HPRegen 1.14/turn               (no ring)
MPRegen 0.10/turn               (no ring)

@: strong-willed, on berserk cooldown, regenerating, slowed, very slow
A: sickness immunity, AC +4, negative energy resistance 1, electricity
resistance, torment resistance 1, petrification resistance
a: Renounce Religion, Berserk, Trog's Hand


You were on level 5 of the Dungeon.
You worshipped Trog.
Trog was pleased with you.
You visited 1 branch of the dungeon, and saw 5 of its levels.

You collected 102 gold pieces.

Inventory:

Hand Weapons
 a - a +0 mace
 n - a +1 whip (weapon)
Armour
 b - a +0 animal skin (worn)
 d - a +0 helmet (worn)
Jewellery
 e - a ring of poison resistance
Wands
 m - a wand of light (2)
Scrolls
 f - a scroll of magic mapping
 o - 5 scrolls of identify
 p - a scroll of summoning {unknown}
 q - a scroll of enchant weapon
Potions
 c - 2 potions of attraction {unknown}
 g - 3 potions of curing {unknown}
 h - 2 potions of magic {unknown}
 i - 3 potions of might
 j - a potion of resistance {unknown}
 k - a potion of mutation {unknown}
 l - a potion of berserk rage {unknown}


   Skills:
 + Level 4.2 Fighting
 * Level 6.4 Maces & Flails
 + Level 2.5 Armour
 + Level 2.6 Dodging
 + Level 2.1 Stealth


You had 6 spell levels left.
You didn't know any spells.
Your spell library was empty.

Dungeon Overview and Level Annotations

Branches:
Dungeon (5/15)             Temple (0/1) D:4

Altars:
Sif Muna
Wu Jian

Portals:
Sewer: D:5


Innate Abilities, Weirdness & Mutations

You are immune to sickness and miasma.
Your stone body is resilient. (AC +4)
You are immune to poison.
You resist negative energy. (rN+)
You are resistant to electric shocks. (rElec)
You are resistant to unholy torment.
You are immune to petrification.


Message History

The scorpion barely misses you.
The giant cockroach bites you but does no damage.
The gnoll hits you but does no damage. The gnoll closely misses you.
You hit the gnoll but do no damage.
The gnoll splashes around in the water.
The gnoll barely misses you.
The giant cockroach bites you but does no damage.
The scorpion closely misses you. The gnoll misses you.
The gnoll closely misses you. The worm bites you but does no damage.
You closely miss the gnoll. The giant cockroach misses you.
The gnoll hits you from afar with a +0 halberd.
The gnoll barely misses you.
The scorpion stings you but does no damage.
The gnoll hits you with a +0 whip.
The gnoll splashes around in the water.
The giant cockroach barely misses you.
The gnoll splashes around in the water.
The scorpion barely misses you. The gnoll completely misses you.
The worm bites you but does no damage.
You hit the gnoll but do no damage.
You hear the rusting of a drain.
The gnoll hits you with a +0 whip. The gnoll misses you.
The giant cockroach barely misses you. The scorpion stings you.
The gnoll splashes around in the water.
The gnoll hits you from afar with a +0 spear.
You whack the gnoll!
The gnoll is heavily wounded.
The giant cockroach barely misses you. The scorpion stings you.
The gnoll hits you but does no damage.
The gnoll splashes around in the water.
The gnoll hits you from afar with a +0 halberd.
* * * LOW HITPOINT WARNING * * *
The gnoll splashes around in the water.
The worm barely misses you.
The giant cockroach completely misses you.
You hit the gnoll.
The gnoll is almost dead.
The scorpion splashes around in the water.
The gnoll barely misses you. The gnoll hits you with a +0 whip.
* * * LOW HITPOINT WARNING * * *
The gnoll hits you but does no damage.
The gnoll splashes around in the water.
The giant cockroach bites you.
* * * LOW HITPOINT WARNING * * *
The scorpion stings you.
You die...

#..........≈...
###.≈≈≈§≈≈≈≈§..#
#..............#
#.......##...$#
#..........## #
#....#..~#..#.#
#....~~~~~....#
##.#~gg~~~~#..#
[...~~s@~~~...#
.#...~~Bgw~~...#
....~g~~~~~..##
.#.#~~~~~~~#.#
#...~~~~~...#
#...#~.~#..##
...#.......##
#.......####


You could see a worm, a scorpion, 4 gnolls and a giant cockroach.

Vanquished Creatures
  A black bear (D:4)
  An ogre (D:5)
  2 hounds
  Jessica (D:3)
  Terence (D:2)
  An orc wizard (D:4)
  An iguana (D:5)
  3 gnolls (D:2)
  2 adders
  An ufetubus (D:5)
  2 worms
  10 orcs
  4 endoplasms
  2 giant cockroaches
  11 goblins
  3 hobgoblins
  7 kobolds
  3 quokkas
  9 ball pythons
  8 bats
  2 frilled lizards
  A rat (D:1)
76 creatures vanquished.

Notes
Turn   | Place    | Note
-------+----------+-------------------------------------------
     0 | D:1      | Herex the Gargoyle Berserker began the quest for the Orb.
     0 | D:1      | Reached XP level 1. HP: 14/14 MP: 1/1
   639 | D:1      | Reached XP level 2. HP: 19/19 MP: 2/2
   748 | D:1      | Found a faded altar of an unknown god.
  1479 | D:2      | Noticed Terence
  1481 | D:2      | Reached XP level 3. HP: 23/23 MP: 3/3
  1496 | D:2      | Killed Terence
  1497 | D:2      | Reached skill level 4 in Maces & Flails
  1980 | D:2      | Reached ** piety under Trog
  1981 | D:2      | Reached XP level 4. HP: 28/29 MP: 4/4
  3920 | D:3      | Noticed Jessica
  3923 | D:3      | Reached XP level 5. HP: 31/33 MP: 5/5
  3939 | D:3      | Killed Jessica
  4300 | D:3      | Reached skill level 5 in Maces & Flails
  4486 | D:3      | Found an ornate altar of the Wu Jian Council.
  4712 | D:4      | Reached skill level 1 in Stealth
  4962 | D:4      | Found a staircase to the Ecumenical Temple.
  5095 | D:4      | Noticed a black bear
  5111 | D:4      | Killed a black bear
  5112 | D:4      | Reached XP level 6. HP: 33/38 MP: 6/6
  5964 | D:5      | Entered Level 5 of the Dungeon
  6116 | D:5      | Found a shimmering blue altar of Sif Muna.
  6127 | D:5      | Reached skill level 6 in Maces & Flails
  6130 | D:5      | Reached XP level 7. HP: 43/43 MP: 7/7
  6148 | D:5      | Found a glowing drain.
  6164 | D:5      | Slain by a scorpion

Illustrated notes

Levels and vault maps discovered:
D:1:      dpeg_arrival_line_fractal, layout_basic, basic_ecumenical_altar,
          serial_corexii_hall, chequers_hall_statues_corner_a,
          corexii_hall_statues_x
D:2:      layout_basic, uniq_terence
D:3:      layout_loops_ring, mainiacjoe_overflow_paths, uniq_jessica
D:4:      layout_basic, minmay_temple_entry_fiery
D:5:      layout_basic, mainiacjoe_overflow_brackets,
          cheibrodos_sewer_entry_drain

Skill      XL: |  1  2  3  4  5  6 |
---------------+-------------------+-----
Maces & Flails | 4 5 6 |  6.4
Dodging        | 2 |  2.6
Stealth        | 1 2 |  2.1
Fighting       | 4 |  4.2
Armour         | |  2.5

Action                   |  1- 3 |  4- 6 |  7- 9 || total
-------------------------+-------+-------+-------++-------
Melee: Mace              |    83 |    42 |       ||   125
       Punch             |     1 |     1 |       ||     2
       Whip              |       |   163 |    22 ||   185
Invok: Berserk           |       |     5 |       ||     5
       Trog's Hand       |       |       |     1 ||     1
  Use: Scroll            |       |     7 |       ||     7
 Stab: Sleeping          |       |     2 |       ||     2
Armor: Animal skin       |    38 |    69 |    15 ||   122
Dodge: Dodged            |    45 |   132 |    35 ||   212
